 Dungeon Crawl Stone Soup version 0.32-a0-921-g04a7ad8e02 (webtiles) character file.

Game seed: 11672211183869909016

98 Varamon101 the Carver (level 4, -1/34 HPs)
             Began as a Gnoll Wanderer on Apr 12, 2024.
             Was an Initiate of Sif Muna.
             Slain by a gnoll
             ... wielding a +0 spear
              (6 damage)
             ... on level 4 of the Dungeon.
             The game lasted 00:11:08 (2050 turns).

Varamon101 the Carver (Gnoll Wanderer)              Turns: 2050, Time: 00:11:09

Health: -1/34      AC: 13    Str: 22    XL:     4   Next: 69%
Magic:  5/5        EV:  5    Int:  9    God:    Sif Muna [......]
Gold:   161        SH:  3    Dex: 11    Spells: 5/5 levels left

rFire   . . .        a - +0 long sword
rCold   . . .        l - +0 buckler
rNeg    . . .        q - +0 plate armour
rPois   .            (no helmet)
rElec   .            (no cloak)
rCorr   .            (no gloves)
SInv    .            g - +0 pair of boots
Will    .....        (no amulet) Stlth
                     e - +6 ring of strength
HPRegen 0.25/turn    (no ring)
MPRegen 0.09/turn

%: no passive effects
@: brilliant
A: fangs 1, strong nose, distributed training
a: Renounce Religion


You were on level 4 of the Dungeon.
You worshipped Sif Muna.
Sif Muna was noncommittal.
You visited 1 branch of the dungeon, and saw 4 of its levels.

You collected 161 gold pieces.

Inventory:

Hand Weapons
 a - a +0 long sword (weapon)
 k - a +5 short sword
Armour
 g - a +0 pair of boots (worn)
 l - a +0 buckler (worn)
 q - a +0 plate armour (worn)
Jewellery
 e - a +6 ring of strength (left hand)
Scrolls
 f - a scroll of enchant armour {unknown}
 h - a scroll of enchant weapon {unknown}
 i - 3 scrolls of identify {unknown}
 m - a scroll of silence {unknown}
 o - a scroll of fear {unknown}
 p - a scroll of revelation {unknown}
 s - a scroll of brand weapon {unknown}
 t - a scroll of summoning {unknown}
Potions
 b - a potion of lignification
 j - a potion of curing {unknown}
 n - a potion of might {unknown}
 r - a potion of resistance {unknown}
 u - a potion of enlightenment {unknown}


   Skills:
 + Level 2.8 Fighting
 + Level 1.2 Short Blades
 + Level 10.5 Long Blades
 + Level 1.2 Axes
 + Level 1.2 Maces & Flails
 + Level 1.2 Polearms
 + Level 1.2 Staves
 + Level 1.2 Ranged Weapons
 + Level 1.2 Throwing
 + Level 4.7 Armour
 + Level 1.2 Dodging
 + Level 1.2 Stealth
 + Level 1.2 Shields
 + Level 1.2 Unarmed Combat
 + Level 1.2 Spellcasting
 + Level 1.0 Conjurations
 + Level 1.0 Hexes
 + Level 1.0 Summonings
 + Level 1.0 Necromancy
 + Level 1.0 Translocations
 + Level 1.0 Fire Magic
 + Level 1.0 Ice Magic
 + Level 1.0 Air Magic
 + Level 1.0 Earth Magic
 + Level 1.0 Alchemy
 + Level 1.4 Invocations
 + Level 4.7 Evocations
 + Level 1.1 Shapeshifting


You had 5 spell levels left.
You didn't know any spells.
Your spell library contained the following spells:

 Spells                   Type           Power      Damage    Failure   Level
 Sting                    Conj/Alch      12%        1d3       99%         1
 Mercury Vapours          Alch/Air       6%         N/A       100%        2
 Maxwell's Portable Pile  Tloc           3%         2d(5-14)  100%        3
 Olgreb's Toxic Radiance  Alch           3%         N/A       100%        4
 Arcjolt                  Conj/Air       1%         1d11      100%        5
 Maxwell's Capacitive Co  Air            1%         ∞         100%        8


Dungeon Overview and Level Annotations

Branches:
Dungeon (4/15)
 Temple: D:4-7

Altars:
Gozag
Nemelex Xobeh
Sif Muna

Shops:
D:1 (


Innate Abilities, Weirdness & Mutations

You have very sharp teeth.
Your uncanny sense of smell can sniff out nearby items.
Your experience applies equally to all skills.


Message History

The gnoll hits you from afar with a +0 spear.
The gnoll attacks as it pursues you! You block the gnoll's attack.
The gnoll hits you with a +0 spear. The gnoll hits you but does no damage.
You hit the gnoll.
The gnoll is moderately wounded.
The gnoll hits you but does no damage. x2
You barely miss the gnoll.
The gnoll is moderately wounded.
You block the gnoll's attack. The gnoll barely misses you.
You hit the gnoll.
The gnoll is heavily wounded.
The gnoll hits you but does no damage.
The gnoll hits you from afar with a +0 spear.
* * * LOW HITPOINT WARNING * * *
The gnoll hits you but does no damage. The gnoll attacks as it pursues you!
The gnoll hits you but does no damage.
There is a stone staircase leading up here.
An orc comes into view. It is wielding a +0 club.
The orc shouts!
You block the gnoll's attack.
You barely miss the orc. Your bite misses the orc.
You hit the orc but do no damage. The orc barely misses you.
The gnoll hits you from afar with a +0 spear.
* * * LOW HITPOINT WARNING * * *
You drop a +0 ring mail.
You block the orc's attack.
The gnoll hits you from afar with a +0 spear.
* * * LOW HITPOINT WARNING * * *
You feel clever all of a sudden. The orc hits you but does no damage.
The gnoll hits you but does no damage.
You closely miss the orc. The orc hits you but does no damage.
The gnoll hits you but does no damage.
You hit the orc.
The orc is moderately wounded.
The orc hits you but does no damage. You block the gnoll's attack.
You hit the orc.
You kill the orc!
Sif Muna accepts your kill. The gnoll hits you but does no damage.
The gnoll hits you from afar with a +0 spear.
You die...

... ..#####
... #..... #.#
#...# #.#
#...#
#.###...#
#....)..#
#.###.###..##
#..........#
#####.####@#
#<.gg)[#
###.##.......#
#..........##
#..##....#.#
#..##.#.## #
#..##.#.#
#..##.#.#
#..##.#..


You could see 2 gnolls.

Vanquished Creatures
  3 adders (D:2)
  A gnoll (D:4)
  2 dart slugs (D:3)
  An orc (D:4)
  3 ball pythons
  6 endoplasms
  2 giant cockroaches (D:2)
  4 goblins (D:1)
  2 hobgoblins
  4 jackals (D:1)
  4 kobolds
  5 quokkas
  6 bats
  3 frilled lizards
  5 rats
51 creatures vanquished.

Notes
Turn   | Place    | Note
-------+----------+-------------------------------------------
     0 | D:1      | Reached skill level 10 in Long Blades
     0 | D:1      | Varamon101 the Gnoll Wanderer began the quest for the Orb.
     0 | D:1      | Varamon101 set off with the following items: a +0 long
                  | sword, a potion of lignification, a +0 ring mail, a potion
                  | of brilliance.
     0 | D:1      | Reached XP level 1. HP: 17/17 MP: 1/1
   160 | D:1      | Reached XP level 2. HP: 17/23 MP: 2/2
   203 | D:1      | Found Anushrecw's Antique Weapon Emporium.
   443 | D:1      | Reached XP level 3. HP: 28/28 MP: 3/3
   778 | D:2      | Reached skill level 1 in Invocations
   829 | D:2      | Reached skill level 1 in Short Blades
   829 | D:2      | Reached skill level 1 in Axes
   829 | D:2      | Reached skill level 1 in Maces & Flails
   829 | D:2      | Reached skill level 1 in Polearms
   829 | D:2      | Reached skill level 1 in Staves
   829 | D:2      | Reached skill level 1 in Ranged Weapons
   829 | D:2      | Reached skill level 1 in Throwing
   829 | D:2      | Reached skill level 1 in Dodging
   829 | D:2      | Reached skill level 1 in Stealth
   829 | D:2      | Reached skill level 1 in Shields
   829 | D:2      | Reached skill level 1 in Unarmed Combat
   829 | D:2      | Reached skill level 1 in Spellcasting
   997 | D:2      | Reached skill level 1 in Shapeshifting
   997 | D:2      | Reached XP level 4. HP: 18/34 MP: 5/5
  1341 | D:3      | Reached skill level 1 in Conjurations
  1341 | D:3      | Reached skill level 1 in Hexes
  1341 | D:3      | Reached skill level 1 in Summonings
  1341 | D:3      | Reached skill level 1 in Necromancy
  1341 | D:3      | Reached skill level 1 in Translocations
  1341 | D:3      | Reached skill level 1 in Fire Magic
  1341 | D:3      | Reached skill level 1 in Ice Magic
  1341 | D:3      | Reached skill level 1 in Air Magic
  1341 | D:3      | Reached skill level 1 in Earth Magic
  1341 | D:3      | Reached skill level 1 in Alchemy
  1391 | D:3      | Found an opulent altar of Gozag.
  1537 | D:3      | Found a sparkling altar of Nemelex Xobeh.
  1636 | D:3      | Found a shimmering blue altar of Sif Muna.
  1657 | D:3      | Became a worshipper of Sif Muna the Loreminder
  2050 | D:4      | Slain by a gnoll

Illustrated notes

Levels and vault maps discovered:
D:1:      amcnicky_arrival_wind_blow, layout_basic, serial_shops,
          nicolae_shop_trees, hangedman_decor_points
D:2:      minmay_inner_zag, layout_loops_ring
D:3:      layout_basic, lemuel_crystal_altar, nemelex_spade_bored_becter,
          mainiacjoe_overflow_tiny_flanked
D:4:      layout_loops_ring, grunt_temple_overflow_open, gup_sewer_entry_bowl,
          minmay_joined_circles

Skill      XL: |  1  2  3  4 |
---------------+-------------+-----
Long Blades    | | 10.5
Invocations    | 1 |  1.4
Short Blades   | 1 |  1.2
Axes           | 1 |  1.2
Maces & Flails | 1 |  1.2
Polearms       | 1 |  1.2
Staves         | 1 |  1.2
Ranged Weapons | 1 |  1.2
Throwing       | 1 |  1.2
Dodging        | 1 |  1.2
Stealth        | 1 |  1.2
Shields        | 1 |  1.2
Unarmed Combat | 1 |  1.2
Spellcasting   | 1 |  1.2
Shapeshifting  | 1 |  1.1
Conjurations   | 1 |  1.0
Hexes          | 1 |  1.0
Summonings     | 1 |  1.0
Necromancy     | 1 |  1.0
Translocations | 1 |  1.0
Fire Magic     | 1 |  1.0
Ice Magic      | 1 |  1.0
Air Magic      | 1 |  1.0
Earth Magic    | 1 |  1.0
Alchemy        | 1 |  1.0
Fighting       | |  2.8
Armour         | |  4.7
Evocations     | |  4.7

Action                     |  1- 3 |  4- 6 || total
---------------------------+-------+-------++-------
  Melee: Long sword        |   100 |    43 ||   143
         Bite              |     2 |     3 ||     5
    Use: Potion            |       |     1 ||     1
 Armour: Ring mail         |    82 |    23 ||   105
         Plate armour      |       |    38 ||    38
  Dodge: Dodged            |    45 |    27 ||    72
  Block: Buckler           |     5 |    18 ||    23

Table legend: (Time is in decaauts)
 A = Elapsed time spent in this place.
 B = Non-inter-level travel time spent in this place.
 C = Inter-level travel time spent in this place.
 D = Time resting spent in this place.
 E = Time spent auto-exploring this place.
 F = Levels seen in this place.
 G = Mean time per level.
                   A        B        C        D        E       F      G
               +--------+--------+--------+--------+--------+-----+--------+
         Total |   2034 |   2034 |      0 |      0 |   1006 |   4 |  508.5 |
       Dungeon |   2034 |   2034 |      0 |      0 |   1006 |   4 |  508.5 |
               +--------+--------+--------+--------+--------+-----+--------+

Top non-repeatable levels by time:
     D:1: 759 daAuts
     D:3: 747 daAuts
     D:2: 486 daAuts
     D:4: 41 daAuts
